 Dungeon Crawl Stone Soup version 0.28-a0-1447-ga5a8893891 (webtiles) character file.

Game seed: 5792137261206641979

24689 HallandMoats the Fighter (level 13, -48/117 HPs)
             Began as a Ghoul Fighter on Jan 12, 2022.
             Was a High Priest of Okawaru.
             Annihilated by a titanic slime creature (81 damage)
             ... on level 13 of the Dungeon.
             The game lasted 00:27:24 (17189 turns).

HallandMoats the Fighter (Ghoul Fighter)           Turns: 17189, Time: 00:27:24

Health: -48/117    AC: 27    Str: 23    XL:     13   Next: 14%
Magic:  0/29       EV:  9    Int:  5    God:    Okawaru [*****.]
Gold:   866        SH:  6    Dex: 14    Spells: 12/12 levels left

rFire   + . .      SeeInvis .   a - +5 double sword "Killer Klown's Doom" {protect, rPois}
rCold   + . .      Faith    .   c - +0 buckler
rNeg    + + +      Spirit   +   l - +3 plate armour {rF+}
rPois   ∞          Reflect  .   (no helmet)
rElec   .          Harm     .   e - +1 cloak
rCorr   .          Rampage  .   (no gloves)
Will    .....                   p - +0 pair of boots
Stlth   ..........              j - amulet of guardian spirit
HPRegen 0.00/turn               x - +6 ring of dexterity
MPRegen 0.21/turn               q - ring of magical power

@: finesse-ful, under a protective aura, inhibited regen
A: claws 1, cold resistance 1, negative energy resistance 3, inhibited
regeneration, torment resistance 2
a: Renounce Religion, Heroism, Finesse, Duel


You were on level 13 of the Dungeon.
You worshipped Okawaru.
Okawaru was extremely pleased with you.
You visited 2 branches of the dungeon, and saw 14 of its levels.
You visited the Abyss 1 time.

You collected 866 gold pieces.

Inventory:

Hand Weapons
 a - the +5 double sword "Killer Klown's Doom" (weapon) {protect, rPois}
   (Okawaru gifted it to you on level 8 of the Dungeon)

   It grants its wielder temporary protection when it strikes (+7 to AC).
   rPois:     It protects you from poison.
 b - a +6 spear of flaming
 n - a +3 long sword of freezing
Armour
 c - a +0 buckler (worn)
 e - a +1 cloak (worn)
 l - a +3 plate armour of fire resistance (worn)
 p - a +0 pair of boots (worn)
 w - the +4 scale mail of the Mind {MP+9}
   (You took it off a wight on level 8 of the Dungeon)

   MP:        It affects your magic capacity (+9).
Jewellery
 f - a ring of protection from cold
 j - an amulet of guardian spirit (around neck)
 q - a ring of magical power (right claw)
 x - a +6 ring of dexterity (left claw)
 y - a ring of fire
 D - the amulet "Daqarpha" {Regen+ Str+2}
   (You acquired it on level 2 of the Abyss)

   [amulet of regeneration]

   Str:       It affects your strength (+2).
   Regen:     It increases your rate of health regeneration.
 E - a ring of see invisible
 K - an amulet of the acrobat
 M - an amulet of reflection
Wands
 s - a wand of acid (8)
 z - a wand of mindburst (5)
 B - a wand of digging (4)
Scrolls
 d - a scroll of teleportation
 g - 4 scrolls of enchant armour
 o - a scroll of magic mapping
 r - a scroll of torment
 F - 3 scrolls of amnesia
 G - a scroll of brand weapon {unknown}
 H - a scroll of enchant weapon
 L - a scroll of blinking {unknown}
Potions
 h - a potion of degeneration
 i - 2 potions of heal wounds
 k - 2 potions of brilliance
 m - a potion of mutation {unknown}
 u - 3 potions of flight
 v - a potion of attraction {unknown}
 A - 2 potions of magic {unknown}
 C - a potion of lignification {unknown}
 I - a potion of curing
 J - 6 potions of ambrosia
Miscellaneous
 t - a phial of floods


   Skills:
 * Level 11.9 Fighting
 * Level 9.8 Long Blades
 + Level 7.3 Armour
 + Level 6.5 Dodging
 + Level 7.3 Shields
 * Level 11.2 Invocations


You had 12 spell levels left.
You didn't know any spells.
Your spell library contained the following spells:

 Spells                   Type           Power      Damage    Failure   Level
 Apportation              Tloc           0%         N/A       100%        1
 Magic Dart               Conj           0%         1d3       100%        1
 Blink                    Tloc           0%         N/A       100%        2
 Searing Ray              Conj           0%         2d4       100%        2
 Lesser Beckoning         Tloc           0%         N/A       100%        3
 Mephitic Cloud           Conj/Pois/Air  0%         N/A       100%        3
 Portal Projectile        Hex/Tloc       0%         N/A       100%        3
 Fulminant Prism          Conj/Hex       0%         3d6       100%        4
 Leda's Liquefaction      Hex/Erth       0%         N/A       100%        4
 Fireball                 Conj/Fire      0%         3d3       100%        5
 Manifold Assault         Tloc           0%         N/A       100%        5
 Dispersal                Tloc           0%         N/A       100%        6
 Starburst                Conj/Fire      0%         6d3       100%        6
 Disjunction              Tloc           0%         N/A       100%        8
 Ignition                 Fire           0%         3d3       100%        8
 Animate Skeleton         Necr           Unusable   N/A       N/A         1
 Summon Small Mammal      Summ           Unusable   N/A       N/A         1
 Call Imp                 Summ           Unusable   N/A       N/A         2
 Call Canine Familiar     Summ           Unusable   N/A       N/A         3

Dungeon Overview and Level Annotations

Branches:
Dungeon (13/15)            Temple (1/1) D:4            Lair (0/6) D:11
    Orc (0/2) D:11
 Vaults: D:13-14

Altars:
Ashenzari
Cheibriados
Dithmenos
Elyvilon
Fedhas
Gozag
Hepliaklqana
Kikubaaqudgha
Makhleb
Nemelex Xobeh
Okawaru
Qazlal
Ru
Sif Muna
Trog
Uskayaw
Vehumet
Wu Jian
Xom
Yredelemnul
Zin
The Shining One

Portals:
Trove: D:10 (give 13 potions of heal wounds)


Innate Abilities, Weirdness & Mutations

You thrive by killing the living.
You are immune to poison.
You have sharp fingernails.
Your flesh is cold resistant. (rC+)
You are immune to negative energy. (rN+++)
You do not regenerate when monsters are visible.
You are immune to unholy pain and torment.


Message History

A slime creature comes into view.
You slash the large slime creature!
The large slime creature is heavily wounded.
The large slime creature hits you but does no damage.
You slice the large slime creature!!
The large slime creature is severely wounded.
The large slime creature hits you.
You slash the large slime creature!
The large slime creature is almost dead.
A slime creature comes into view.
The large slime creature hits you.
Two slime creatures merge to form a very large slime creature.
You slice the very large slime creature!!
The very large slime creature is severely wounded.
You slice the very large slime creature!!
The very large slime creature is almost dead.
Two slime creatures merge to form an enormous slime creature.
You slash the enormous slime creature!
The enormous slime creature is severely wounded.
You slash the enormous slime creature!
The enormous slime creature is severely wounded.
You hit the enormous slime creature.
The enormous slime creature is severely wounded.
Two slime creatures merge to form a titanic slime creature.
You slash the titanic slime creature!
The titanic slime creature is severely wounded.
The titanic slime creature hits you!!!
You hit the titanic slime creature.
The titanic slime creature is severely wounded.
The titanic slime creature hits you!!!
* * * LOW HITPOINT WARNING * * *
You are too injured to fight recklessly!
You are too injured to fight recklessly!
You are too injured to fight recklessly!
You are too injured to fight recklessly!
You are too injured to fight recklessly!
You can now deal lightning-fast blows.
The titanic slime creature hits you!!!!
Ouch! That really hurt!
You die...

#.####.........#####
.....##............#
#.##.##...###.####.#
##.# #..### #.# ...
.# #.#### #.## .#
#....# .# ####.# .#
#.# # #@# #J#
...............
........#####..
####.#### #. #


You could see a titanic slime creature.

Vanquished Creatures
  A tentacled starspawn (Abyss:2)
  A hydra (D:13)
  2 boulder beetles
  Erolcha (D:9)
  3 two-headed ogres (D:8)
  3 centaur warriors
  3 thrashing horrors (Abyss:2)
  2 deep elf pyromancers
  2 ugly things
  2 manticores (D:8)
  A moth of wrath (shapeshifter) (D:8)
  3 cyclopes
  Maurice (D:8)
  Joseph (D:9)
  3 gargoyles
  A kobold demonologist (D:8)
  A demonic crawler (Abyss:2)
  A komodo dragon (D:11)
  2 trolls
  A tengu conjurer (D:8)
  A meliai (D:8)
  A queen bee (D:11)
  2 hornets
  Prince Ribbit (D:7)
  3 starcursed masses (Abyss:2)
  A large abomination (Abyss:2)
  A vampire (D:11)
  A shadow (D:9)
  A wraith (D:11)
  Sigmund (D:2)
  Grum (D:8)
  A basilisk (D:8)
  14 yaks
  2 steam dragons
  An acid dragon (D:9)
  6 orc warriors
  A sky beast (D:4)
  2 ice beasts
  2 black bears
  6 ogres
  A necrophage (D:4)
  3 wolves
  12 centaurs
  7 kobold brigands
  Blork the orc (D:5)
  6 bullfrogs
  6 gnoll sergeants
  A scorpion (D:6)
  A water moccasin skeleton (D:6)
  35 killer bees
  A howler monkey (D:8)
  9 wights
  3 centaur zombies
  A bullfrog skeleton (D:4)
  3 gnoll shamans
  A hound (D:6)
  A jelly (D:6)
  Crazy Yiuf (D:2)
  A centaur skeleton (D:7)
  3 orc priests
  Jessica (D:2)
  13 orc wizards
  Ijyb (D:5)
  6 iguanas
  A scorpion zombie (D:5)
  A hound zombie (D:5)
  A hound skeleton (D:4)
  3 howler monkey zombies
  14 gnolls
  6 adders
  2 white imps
  4 ufetubi (D:5)
  An adder skeleton (D:4)
  3 worms
  A dart slug (D:3)
  29 orcs
  7 ball pythons
  6 endoplasms
  2 giant cockroaches
  4 goblins
  6 hobgoblins
  3 jackals (D:4)
  15 kobolds
  2 quokkas
  8 bats
  3 frilled lizards
  4 rats
328 creatures vanquished.

Vanquished Creatures (others)
  An orc wizard (D:5)
  10 plants
  3 starspawn tentacles (Abyss:2)
14 creatures vanquished.

Grand Total: 342 creatures vanquished

Notes
Turn   | Place    | Note
-------+----------+-------------------------------------------
     0 | D:1      | HallandMoats the Ghoul Fighter began the quest for the Orb.
     0 | D:1      | Reached XP level 1. HP: 19/19 MP: 0/0
    71 | D:1      | Reached XP level 2. HP: 5/26 MP: 1/1
   558 | D:1      | Reached XP level 3. HP: 31/33 MP: 2/2
   736 | D:2      | Noticed Jessica
   741 | D:2      | Found a sparkling altar of Nemelex Xobeh.
   746 | D:2      | Killed Jessica
   860 | D:2      | Noticed Sigmund
   868 | D:2      | Killed Sigmund
   869 | D:2      | Reached skill level 1 in Dodging
   869 | D:2      | Reached XP level 4. HP: 24/41 MP: 1/4
   869 | D:2      | Reached XP level 5. HP: 28/47 MP: 1/5
  1401 | D:2      | Found a runed translucent door.
  1402 | D:2      | Noticed Crazy Yiuf
  1532 | D:2      | Killed Crazy Yiuf
  1533 | D:2      | Reached XP level 6. HP: 43/53 MP: 3/6
  2367 | D:4      | Reached skill level 5 in Fighting
  2452 | D:4      | Noticed a necrophage
  2464 | D:4      | Killed a necrophage
  2465 | D:4      | Reached XP level 7. HP: 59/61 MP: 8/8
  2966 | D:4      | Found a staircase to the Ecumenical Temple.
  3527 | D:5      | Entered Level 5 of the Dungeon
  3941 | D:5      | Reached XP level 8. HP: 10/70 MP: 2/9
  5054 | D:5      | Noticed Ijyb
  5064 | D:5      | Killed Ijyb
  5183 | D:5      | Noticed Blork the orc
  5193 | D:5      | Killed Blork the orc
  5613 | D:5      | Found a hide-covered altar of Uskayaw.
  6016 | D:6      | Reached skill level 5 in Long Blades
  6016 | D:6      | Reached skill level 5 in Invocations
  6087 | D:6      | Reached XP level 9. HP: 37/78 MP: 9/11
  6674 | Temple   | Entered the Ecumenical Temple
  6894 | Temple   | Became a worshipper of Warmaster Okawaru
  6993 | D:7      | Noticed Prince Ribbit
  7021 | D:7      | Killed Prince Ribbit
  7931 | D:7      | Reached * piety under Okawaru
  8244 | D:8      | Noticed a hornet
  8253 | D:8      | Killed a hornet
  8393 | D:8      | Identified the +1 scale mail of Beyond {Rampage Drain rCorr
                  | Stlth-}
  8437 | D:8      | Noticed a two-headed ogre
  8453 | D:8      | Killed a two-headed ogre
  8453 | D:8      | Reached ** piety under Okawaru
  8454 | D:8      | Reached skill level 5 in Shields
  8454 | D:8      | Reached XP level 10. HP: 36/88 MP: 10/14
  8458 | D:8      | Reached skill level 5 in Armour
  8670 | D:8      | Noticed a centaur warrior
  8670 | D:8      | Noticed a cyclops
  8692 | D:8      | Killed a centaur warrior
  8692 | D:8      | Reached *** piety under Okawaru
  8708 | D:8      | Killed a cyclops
  8712 | D:8      | Noticed Grum
  8736 | D:8      | HP: 1/90 [wolf[Grum] (4)]
  8751 | D:7      | HP: 3/90 [wolf[Grum] (2)]
  8753 | D:7      | HP: 1/90 [wolf[Grum] (2)]
  8756 | D:7      | Reached **** piety under Okawaru
  9072 | D:8      | Killed Grum
  9323 | D:8      | Noticed a moth of wrath
  9330 | D:8      | Killed a moth of wrath
  9364 | D:8      | Noticed a kobold demonologist
  9383 | D:8      | Killed a kobold demonologist
  9394 | D:8      | Noticed a manticore
  9398 | D:8      | Noticed a two-headed ogre
  9504 | D:8      | Noticed Maurice
  9534 | D:8      | Reached XP level 11. HP: 46/97 MP: 16/16
  9568 | D:8      | Killed Maurice
  9882 | D:8      | Noticed a two-headed ogre
  9893 | D:8      | Killed a two-headed ogre
  9893 | D:8      | Reached ***** piety under Okawaru
  9927 | D:8      | Killed a two-headed ogre
  9928 | D:8      | Reached skill level 5 in Dodging
  9947 | D:8      | Noticed a centaur warrior
  9965 | D:8      | Killed a centaur warrior
 10250 | D:8      | Killed a manticore
 10325 | D:8      | Noticed a manticore
 10333 | D:8      | Killed a manticore
 10506 | D:8      | Identified the +4 scale mail of the Mind {MP+9}
 10551 | D:8      | Noticed a boulder beetle
 10569 | D:8      | Reached skill level 10 in Fighting
 10573 | D:8      | Identified the +5 double sword "Killer Klown's Doom"
                  | {protect, rPois} (Okawaru gifted it to you on level 8 of
                  | the Dungeon)
 10573 | D:8      | Received a gift from Okawaru
 10593 | D:8      | Killed a boulder beetle
 10608 | D:8      | Noticed a purple ugly thing
 10620 | D:8      | Killed a purple ugly thing
 11427 | D:9      | Noticed Joseph
 11434 | D:9      | Killed Joseph
 11776 | D:9      | Noticed Erolcha
 11782 | D:9      | Cast into level 1 of the Abyss (Erolcha)
 11862 | Abyss:2  | Noticed a thrashing horror
 11871 | Abyss:2  | Identified a scroll of acquirement
 11871 | Abyss:2  | Acquired the amulet "Daqarpha" {Regen+ Str+2}
 11881 | Abyss:2  | Killed a thrashing horror
 12094 | Abyss:2  | Noticed a starcursed mass
 12115 | Abyss:2  | Killed a starcursed mass
 12117 | Abyss:2  | Killed a starcursed mass
 12123 | Abyss:2  | Killed a starcursed mass
 12124 | Abyss:2  | Noticed a thrashing horror
 12124 | Abyss:2  | Noticed a tentacled starspawn
 12125 | Abyss:2  | Noticed a thrashing horror
 12136 | Abyss:2  | Killed a tentacled starspawn
 12145 | Abyss:2  | Killed a thrashing horror
 12147 | Abyss:2  | Killed a thrashing horror
 12158 | D:9      | Escaped the Abyss
 12168 | D:9      | Killed Erolcha
 12168 | D:9      | Received a gift from Okawaru
 12169 | D:9      | Reached XP level 12. HP: 34/107 MP: 16/18
 12822 | D:10     | Entered Level 10 of the Dungeon
 12822 | D:10     | Found a portal to a secret trove of treasure.
 13722 | D:11     | Reached skill level 10 in Invocations
 14409 | D:11     | Found a staircase to the Orcish Mines.
 14409 | D:11     | Noticed a boulder beetle
 14932 | D:11     | Received a gift from Okawaru
 15329 | D:11     | Found a staircase to the Lair.
 15878 | D:12     | Noticed a centaur warrior
 15887 | D:12     | Killed a centaur warrior
 15888 | D:12     | Reached XP level 13. HP: 99/117 MP: 20/20
 17189 | D:13     | Annihilated by a titanic slime creature

Illustrated notes

Levels and vault maps discovered:
D:1:      minmay_arrival_diagonal_passages, layout_basic
D:2:      layout_loops_ring, basic_altar, uniq_crazy_yiuf_cottage, uniq_sigmund,
          uniq_jessica
D:3:      layout_basic
D:4:      layout_basic, minmay_temple_entry_purple_smoke,
          chequers_serial_rivers_micro_a, st_stairs_2
D:5:      layout_loops_ring, gammafunk_temple_overflow_pools, kennysheep_path_1,
          uniq_blork_the_orc, uniq_ijyb
D:6:      layout_basic, elyvilon_altar_1
D:7:      layout_basic, uniq_prince_ribbit1
D:8:      nzn_winding_woodlands_large [nzn_winding_woodlands_5x5_closed_star,
          nzn_winding_woodlands_5x15_longhouse,
          nzn_winding_woodlands_5x5_default,
          nzn_winding_woodlands_center_pierced_h,
          nzn_winding_woodlands_15x15_thick_spiral,
          nzn_winding_woodlands_center_garden,
          nzn_winding_woodlands_5x5_open_star,
          nzn_winding_woodlands_5x15_sawtooth, nzn_winding_woodlands_5x5_three],
          layout_loops_ring, minmay_misc_feat_diagonals, columned_hall_lemuel,
          uniq_maurice, uniq_grum
D:9:      layout_irregular_city, ebering_dispersal_statue_hall, uniq_joseph,
          uniq_erolcha
D:10:     layout_gridville, enter_trove_1, minmay_crystal_room
D:11:     layout_long_grid, david_lair_shrubbed,
          kennysheep_orc_monster_closet_entryway, special_room
          [special_room_bee]
D:12:     layout_loops_cross
D:13:     layout_loops_ring, vehumet_crystals
Temple:   mainiacjoe_temple_bowtie_tessellation

Skill      XL: |  1  2  3  4  5  6  7  8  9 10 11 12 13 |
---------------+----------------------------------------+-----
Long Blades    | 2 3 4 5 6 7 8 9 |  9.8
Fighting       | 4 5 6 8 9 10 11 | 11.9
Armour         | 3 4 5 6 7 |  7.3
Dodging        | 1 2 3 4 5 6 |  6.5
Shields        | 3 4 5 6 7 |  7.3
Invocations    | 2 3 5 6 8 9 10 11 | 11.2

Action                   |  1- 3 |  4- 6 |  7- 9 | 10-12 | 13-15 || total
-------------------------+-------+-------+-------+-------+-------++-------
Melee: Long sword        |    97 |   142 |   184 |   222 |       ||   645
       Scimitar          |       |       |   279 |       |       ||   279
       Double sword      |       |       |       |   500 |    62 ||   562
       Trident           |       |       |       |       |    14 ||    14
Invok: Heroism           |       |       |     1 |    10 |       ||    11
       Finesse           |       |       |       |     2 |     1 ||     3
  Use: Potion            |     1 |       |       |     8 |       ||     9
       Scroll            |       |     5 |     3 |    10 |       ||    18
 Stab: Invisible         |       |     1 |       |       |       ||     1
       Distracted        |       |       |       |     1 |       ||     1
Armor: Scale mail        |    77 |     8 |       |       |       ||    85
       Plate armour      |       |   101 |   289 |   602 |    44 ||  1036
Dodge: Dodged            |    78 |    39 |   120 |   318 |    28 ||   583
Block: Buckler           |    30 |    22 |    96 |   256 |    20 ||   424

Table legend: (Time is in decaauts)
 A = Elapsed time spent in this place.
 B = Non-inter-level travel time spent in this place.
 C = Inter-level travel time spent in this place.
 D = Time resting spent in this place.
 E = Time spent auto-exploring this place.
 F = Levels seen in this place.
 G = Mean time per level.
                   A        B        C        D        E       F      G
               +--------+--------+--------+--------+--------+-----+--------+
         Total |  17368 |  16755 |    613 |   2015 |  11527 |  16 | 1085.5 |
       Dungeon |  16776 |  16195 |    581 |   1808 |  11340 |  13 | 1290.5 |
        Temple |    229 |    198 |     31 |      0 |    187 |   1 |  229.0 |
         Abyss |    361 |    361 |      0 |    207 |      0 |   2 |  180.5 |
               +--------+--------+--------+--------+--------+-----+--------+

Top non-repeatable levels by time:
     D:8: 2814 daAuts
     D:5: 2045 daAuts
     D:4: 1742 daAuts
    D:11: 1697 daAuts
     D:7: 1572 daAuts
    D:12: 1245 daAuts
     D:9: 1115 daAuts
     D:6: 929 daAuts
     D:2: 896 daAuts
    D:10: 843 daAuts
     D:1: 710 daAuts
    D:13: 609 daAuts
     D:3: 555 daAuts
 Abyss:2: 302 daAuts
  Temple: 229 daAuts
